 Dungeon Crawl Stone Soup version 0.21-a0-584-g185da8e (webtiles) character file.

74 vishdafish the Charmwright (level 4, 33/33 HPs)
             Began as a Demonspawn Skald on Dec 20, 2017.
             Quit the game on level 2 of the Dungeon.
             The game lasted 00:01:43 (1265 turns).

vishdafish the Charmwright (Demonspawn Skald)       Turns: 1265, Time: 00:01:44

Health: 33/33      AC:  4    Str: 12    XL:     4   Next: 9%
Magic:  7/7        EV: 12    Int: 15    God:
Gold:   132        SH:  0    Dex: 12    Spells: 6/7 levels left

rFire    . . .     SeeInvis .   a - +0 spear
rCold    . . .     Gourm    .   (no shield)
rNeg     . . .     Faith    .   b - +0 leather armour
rPois    .         Spirit   +   f - +0 helmet
rElec    .         Reflect  .   (no cloak)
rCorr    .         Harm     .   (no gloves)
MR       .....                  (no boots)
Stlth    ..........             (no amulet)
HPRegen  0.11/turn              r - ring of loudness (curse)
MPRegen  0.10/turn              (no ring)

@: no status effects
A: hooves 1, magic shield
a: no special abilities


You were on level 2 of the Dungeon.
You were not hungry.

You visited 1 branch of the dungeon, and saw 2 of its levels.

You collected 132 gold pieces.

Inventory:

Hand Weapons
 a - a +0 spear (weapon)
Armour
 b - a +0 leather armour (worn)
 f - a +0 helmet (worn)
Jewellery
 r - a cursed ring of loudness (left hand)
Scrolls
 g - 2 scrolls of noise {unknown}
 h - a scroll of enchant armour {unknown}
 i - a scroll of teleportation {unknown}
 n - a scroll of magic mapping {unknown}
 o - a scroll of remove curse {unknown}
 p - a scroll of amnesia {unknown}
 q - 3 scrolls of blinking {unknown}
Potions
 e - 2 potions of agility {unknown}
 j - 2 potions of heal wounds {unknown}
 k - 2 potions of degeneration {unknown}
 l - a potion of resistance {unknown}
 m - a potion of berserk rage {unknown}
Books
 c - a book of Battle

   Spells                             Type                      Level
   a - Infusion                       Charms                       1
   b - Shroud of Golubria             Charms/Translocation         2
   c - Song of Slaying                Charms                       2
   d - Spectral Weapon                Hexes/Charms                 3
   e - Regeneration                   Charms/Necromancy            3
Comestibles
 d - 3 rations
 s - a chunk of flesh


   Skills:
 - Level 2.0 Fighting
 * Level 2.9 Polearms
 + Level 1.6 Armour
 + Level 2.3 Dodging
 - Level 2.0 Spellcasting
 + Level 3.1 Charms


You had 6 spell levels left.
You knew the following spells:

 Your Spells              Type           Power        Failure   Level  Hunger
a - Infusion              Chrm           ##..         8%          1    #......


Dungeon Overview and Level Annotations

Branches:
Dungeon (2/15)

Altars:
Ru


Innate Abilities, Weirdness & Mutations

You have large cloven feet.
When hurt, damage is shared between your health and your magic reserves.


Message History

No target in view!
No target in view!
No target in view!
No target in view!
No target in view!
No target in view!
No target in view!
You butcher the rat corpse.
s - a chunk of flesh You butcher the giant cockroach corpse.
s - 2 chunks of flesh (gained 1)
There is an open door here. x2
Eating one of 2 chunks of flesh.
You eat one of the 2 chunks of flesh.
This raw flesh tastes terrible.
There is a fountain of clear blue water here.
g - 2 scrolls labeled LUORAPRA DAAFF (gained 1)
You now have 132 gold pieces (gained 10).
You open the door.
Found a sacrificial altar of Ru.
Are you sure you want to abandon this character and quit the game? (Confirm with "yes".)

##....⌠....## #......
#...⌠...⌠...####.#####
#...........#.##.#
+..⌠..⌠..⌠..'....#
#...........#.####
#...⌠...⌠...###
#....⌠....##
#+.......+# ##.@...##
###'### ..# _## ##


There were no monsters in sight!

Vanquished Creatures
  2 adders (D:2)
  An ooze (D:1)
  An adder skeleton (D:2)
  A dart slug (D:1)
  4 leopard geckos
  6 bats
  4 giant cockroaches
  4 goblins
  5 hobgoblins
  4 frilled lizards
  7 kobolds
  2 rats
41 creatures vanquished.

Notes
Turn   | Place    | Note
-------+----------+-------------------------------------------
     0 | D:1      | vishdafish the Demonspawn Skald began the quest for the Orb.
     0 | D:1      | Reached XP level 1. HP: 16/16 MP: 3/3
     7 | D:1      | Reached skill level 1 in Armour
    35 | D:1      | Gained mutation: You have large cloven feet. [demonic ancestry]
    35 | D:1      | Reached XP level 2. HP: 18/22 MP: 5/5
   266 | D:1      | Reached skill level 3 in Charms
   266 | D:1      | Reached XP level 3. HP: 24/27 MP: 6/6
  1129 | D:2      | Gained mutation: When hurt, damage is shared between your health and your magic reserves. [demonic ancestry]
  1129 | D:2      | Reached XP level 4. HP: 33/33 MP: 7/7
  1264 | D:2      | Found a sacrificial altar of Ru.
  1265 | D:2      | Quit the game

Vault maps used:
D:1:      grunt_arrival_crossed_arrows, minmay_unequal
D:2:      minmay_diamond_boxcup, grunt_temple_overflow_octagram,
          minmay_distorted

Skill      XL: |  1  2 |
---------------+-------+-----
Armour         | 1 |  1.6
Polearms       | 2 |  2.9
Dodging        | 2 |  2.3
Charms         | 3 |  3.1
Fighting       | |  2.0
Spellcasting   | |  2.0

Action                   |  1- 3 |  4- 6 || total
-------------------------+-------+-------++-------
Melee: Spear             |   152 |    10 ||   162
       Kick              |    21 |     2 ||    23
 Cast: Infusion          |     3 |       ||     3
  Eat: Chunk             |       |     1 ||     1
Armor: Leather armour    |    37 |     1 ||    38
Dodge: Dodged            |    83 |     4 ||    87

Table legend:
 A = Spawn XP
 B = Non-spawn XP
 C = Spawn XP percentage of total XP
 D = Spawn monster count
 E = Non-spawn monster count
 F = Spawn count percentage of total count
 G = Total turns spent on level
                    A         B        C        D         E        F      G
               +---------+---------+-------+---------+---------+-------+---------
         Total |       0 |     106 |   0.0 |       0 |      41 |   0.0 |  1265
               +---------+---------+-------+---------+---------+-------+---------
           D:1 |       0 |      50 |   0.0 |       0 |      24 |   0.0 |   675
           D:2 |       0 |      56 |   0.0 |       0 |      17 |   0.0 |   590
               +---------+---------+-------+---------+---------+-------+---------
